 Dungeon Crawl Stone Soup version 0.19.5 (webtiles) character file.

154 Haldmier the Slasher (level 5, -15/51 HPs)
             Began as a High Elf Skald on Mar 16, 2017.
             Demolished by Pikel
             ... wielding a +1 whip of electrocution
              (20 damage)
             ... on level 4 of the Dungeon.
             The game lasted 00:10:53 (3816 turns).

Haldmier the Slasher (High Elf Skald)               Turns: 3816, Time: 00:10:54

Health: -15/51     AC: 22    Str: 12    XL:     5   Next: 13%
Magic:  8/9        EV:  2    Int: 15    God:
Gold:   160        SH:  4    Dex: 15    Spells: 3 memorised, 2 levels left

rFire  . . .     SeeInvis .     a - +0 falchion
rCold  . . .     Gourm    .     (armour currently unavailable)
rNeg   + + +     Faith    .     r - +0 buckler
rPois  +         Spirit   .     (helmet currently unavailable)
rElec  .         Reflect  .     (cloak currently unavailable)
rCorr  .         Harm     .     (gloves currently unavailable)
MR     .....     NoTele   +     (boots currently unavailable)
Stlth  +.........               (no amulet)
                                (no ring)
                                (no ring)

@: tree-form (expiring), infused
A: no striking features
a: no special abilities


You were on level 4 of the Dungeon.
You were not hungry.
You were a tree.
You visited 1 branch of the dungeon, and saw 4 of its levels.

You collected 160 gold pieces.

Inventory:

Hand Weapons
 a - a +0 falchion (weapon)
 b - a +0 hunting sling
 w - a +2 dagger of holy wrath
Missiles
 j - 84 stones (quivered)
 z - 20 sling bullets
Armour
 k - a +0 cloak (melded)
 r - a +0 buckler (worn)
 s - a cursed +1 ring mail
 A - a +0 leather armour (melded)
Jewellery
 t - an uncursed ring of wizardry {unknown}
Scrolls
 e - 2 scrolls of enchant armour
 g - a scroll of immolation {unknown}
 m - a scroll of remove curse {unknown}
 n - a scroll of magic mapping {unknown}
 p - a scroll of blinking {unknown}
 u - a scroll of identify {unknown}
 y - a scroll of fog {unknown}
Potions
 h - 2 potions of degeneration {unknown}
 i - a potion of agility {unknown}
 o - a potion of curing {unknown}
Books
 c - a book of Battle

   Spells                             Type                      Level
   a - Infusion                       Charms                       1
   b - Shroud of Golubria             Charms/Translocation         2
   c - Song of Slaying                Charms                       2
   d - Spectral Weapon                Hexes/Charms                 3
   e - Regeneration                   Charms/Necromancy            3
Comestibles
 d - 2 bread rations
 f - a beef jerky
 l - 3 chunks of flesh
 q - 4 fruits
 x - 2 meat rations


   Skills:
 - Level 2.0 Fighting
 + Level 4.2 Long Blades
 - Level 0.8 Armour
 - Level 1.1 Dodging
 * Level 2.2 Shields
 - Level 2.4 Spellcasting
 + Level 1.4 Hexes
 - Level 3.6 Charms
 + Level 2.3 Translocations


You had 2 spell levels left.
You knew the following spells:

 Your Spells              Type           Power        Failure   Level  Hunger
a - Infusion              Chrm           ##..         8%          1    #......
b - Shroud of Golubria    Chrm/Tloc      ##........   12%         2    ###....
c - Spectral Weapon       Hex/Chrm       #.......     30%         3    ###....


Dungeon Overview and Level Annotations

Branches:
Dungeon (4/15)
 Temple: D:4-7

Altars:
Okawaru

Shops:
D:4 (

Annotations:
D:4 Pikel


Message History

You take 6 damage, and have 8/51 hp.
The orc shouts!
You hit Pikel.
Pikel is moderately wounded.
The slave hits you.
* * * LOW HITPOINT WARNING * * *
The orc hits you with a dagger.
* * * LOW HITPOINT WARNING * * *
The slave completely misses you. The slave hits you but does no damage.
Pikel hits you but does no damage. The slave hits you but does no damage.
An orc comes into view. It is wielding a short sword.
You take 3 damage, and have 5/51 hp.
Okay, then.
As you read the scroll labeled YFUACZ YBALURCH, it crumbles to dust.
It is a scroll of enchant armour.
Your shiny ring mail glows green for a moment.
The slave hits you but does no damage. The orc hits you but does no damage.
The slave hits you but does no damage. x2; Pikel hits you but does no damage.
You are electrocuted!
You die...

....... #.....( p......
#......# ....... ####
#......# ....... ...#
#......# ..... ...#
#......# ...
...######......####'#
...............#pp..##...
..............oo♣K........
.............oo#pp........
............o..#..........
...............#######+###
###########+#.........
.#..........#.........
.#..........#.<.......
.#.........<'.........
####+###....#.........


You could see Pikel, 4 slaves and 5 orcs.

Vanquished Creatures
  A hound (D:4)
  4 adders
  2 adder skeletons (D:4)
  3 worms
  2 dart slugs (D:1)
  A leopard gecko (D:2)
  2 orcs (D:3)
  7 bats
  2 giant cockroaches
  8 hobgoblins
  14 kobolds
  A quokka (D:2)
  3 ball pythons (D:2)
  3 frilled lizards
  7 goblins
  10 rats
70 creatures vanquished.

Notes
Turn   | Place    | Note
-------+----------+-------------------------------------------
     0 | D:1      | Haldmier the High Elf Skald began the quest for the Orb.
     0 | D:1      | Reached XP level 1. HP: 14/14 MP: 4/4
    24 | D:1      | Reached skill level 3 in Long Blades
   180 | D:1      | Reached XP level 2. HP: 19/19 MP: 1/6
   187 | D:1      | Learned a level 2 spell: Shroud of Golubria
   492 | D:1      | Reached skill level 1 in Translocations
  1083 | D:2      | Reached XP level 3. HP: 23/24 MP: 4/7
  1518 | D:2      | Reached skill level 1 in Shields
  1964 | D:2      | Reached XP level 4. HP: 29/29 MP: 8/8
  1972 | D:2      | Learned a level 3 spell: Spectral Weapon
  3269 | D:4      | Reached skill level 4 in Long Blades
  3269 | D:4      | Reached skill level 1 in Hexes
  3333 | D:4      | Found Giajikask's Antique Weapon Emporium.
  3350 | D:4      | Found an iron altar of Okawaru.
  3603 | D:4      | Reached XP level 5. HP: 23/34 MP: 2/9
  3797 | D:4      | Noticed Pikel
  3797 | D:4      | Noticed a slave
  3797 | D:4      | Noticed a slave
  3797 | D:4      | Noticed a slave
  3797 | D:4      | Noticed a slave
  3816 | D:4      | Demolished by Pikel

Skill      XL: |  1  2  3  4 |
---------------+-------------+-----
Long Blades    | 3 4 |  4.2
Translocations | 1 2 |  2.3
Shields        | 1 2 |  2.2
Hexes          | 1 |  1.4
Fighting       | |  2.0
Armour         | |  0.8
Dodging        | |  1.1
Spellcasting   | |  2.4
Charms         | |  3.6

Action                   |  1- 3 |  4- 6 || total
-------------------------+-------+-------++-------
Melee: Falchion          |   114 |   103 ||   217
Throw: Stone             |     1 |       ||     1
 Cast: Infusion          |    13 |    12 ||    25
       Shroud of Golubri |     2 |     6 ||     8
  Use: Scroll            |       |     1 ||     1
 Stab: Sleeping          |     2 |       ||     2
  Eat: Chunk             |     4 |     6 ||    10
Armor: Leather armour    |    35 |    23 ||    58
       Skin              |       |    30 ||    30
Dodge: Dodged            |    80 |    56 ||   136
Block: Buckler           |    17 |    22 ||    39
       Rpst.: Falchion   |    28 |    14 ||    42
